TOP OF THE 1ST |
Elmira Pioneers batting - Pitching for Manchester Fisher Cats : RHP Mark Dacko
|
Pitching: RHP Mark Dacko
|
|
Batting: SHB Alan Regier
|
0-0: Called Strike 0-1: Swinging Strike 0-2: Foul Ball, location: 2F 0-2: Foul Ball, location: 2F 0-2: Ball 1-2: Foul Ball, location: 2F 1-2: Ground out 6-3 (Groundball, 6, EV 80.0 MPH)
|
Batting: RHB Ron Stinnett
|
0-0: Called Strike 0-1: Ball 1-1: Called Strike 1-2: Ball 2-2: Strikes out swinging
|
Batting: RHB Frank LaBella
|
0-0: Ground out 4-3 (Groundball, 4M, EV 84.4 MPH)
|
Top of the 1st over - 0 runs, 0 hits, 0 errors, 0 left on base; Elmira 0 - Manchester 0 |
BOTTOM OF THE 1ST |
Manchester Fisher Cats batting - Pitching for Elmira Pioneers : RHP Rich Monteleone
|
Pitching: RHP Rich Monteleone
|
|
Batting: LHB Carlos Cabassa
|
0-0: Called Strike 0-1: Swinging Strike 0-2: Strikes out swinging
|
Batting: LHB Tim Derryberry
|
0-0: SINGLE (Flyball, 3D, EV 91.3 MPH)
|
Batting: SHB Stan Javier
|
0-0: Foul Ball, location: 2F 0-1: Swinging Strike 0-2: Strikes out swinging
|
Batting: RHB Joe Citari
|
0-0: Ball 1-0: Ball 2-0: Foul Ball, location: 2F 2-1: Foul Ball, location: 2F 2-2: Fly out, F8 (Flyball, 8RM, EV 72.5 MPH)
|
Bottom of the 1st over - 0 runs, 1 hit, 0 errors, 1 left on base; Elmira 0 - Manchester 0 |
TOP OF THE 2ND |
Elmira Pioneers batting - Pitching for Manchester Fisher Cats : RHP Mark Dacko
|
Batting: RHB Donn Koch
|
0-0: Foul Ball, location: 2F 0-1: Ball 1-1: Ground out 6-3 (Groundball, 6, EV 86.9 MPH)
|
Batting: RHB Edwin Rodriguez
|
0-0: Ball 1-0: Ball 2-0: Ball 3-0: Called Strike 3-1: Ground out 6-3 (Groundball, 6S, EV 83.8 MPH)
|
Batting: SHB Michael Reeder
|
0-0: Swinging Strike 0-1: Foul Ball, location: 2F 0-2: Ball 1-2: Fly out, F8 (Flyball, 8RXD, EV 109.4 MPH)
|
Top of the 2nd over - 0 runs, 0 hits, 0 errors, 0 left on base; Elmira 0 - Manchester 0 |
BOTTOM OF THE 2ND |
Manchester Fisher Cats batting - Pitching for Elmira Pioneers : RHP Rich Monteleone
|
Batting: LHB Jessie Reid
|
0-0: Foul Ball, location: 2F 0-1: Foul Ball, location: 2F 0-2: Ball 1-2: Strikes out swinging
|
Batting: SHB Danny Hernandez
|
0-0: Ball 1-0: Ball 2-0: Ball 3-0: Called Strike 3-1: Called Strike 3-2: Base on Balls
|
Batting: RHB Kevin Darst
|
0-0: Ball 1-0: Ball 2-0: Foul Ball, location: 2F 2-1: DOUBLE (Line Drive, 89M, EV 102.5 MPH) Danny Hernandez to third
|
Pinch Runner at 2nd Mike Ciampa:
|
|
Batting: RHB Buddy Pryor
|
0-0: Ball 1-0: Ball 2-0: Called Strike 2-1: Foul Ball, location: 2F 2-2: Ball 3-2: SINGLE (Groundball, 6D, EV 105.0 MPH) Danny Hernandez scores Mike Ciampa to third Runner from 3rd tries for Home, SAFE, throw by LF to home
|
Batting: RHB Reymundo Estevez
|
0-0: Ball 1-0: Called Strike 1-1: Ball 2-1: Swinging Strike 2-2: Ball 3-2: Base on Balls Buddy Pryor to second
|
Batting: LHB Carlos Cabassa
|
0-0: Called Strike 0-1: Fielders Choice at 2nd, 6-4 (Groundball, 6, EV 87.5 MPH) Buddy Pryor to third
|
Batting: LHB Tim Derryberry
|
0-0: Ball 1-0: Ball 2-0: Called Strike 2-1: Ball 3-1: Called Strike 3-2: Strikes out swinging passed ball, reaches first! Buddy Pryor scores Carlos Cabassa to second
|
Batting: SHB Stan Javier
|
0-0: Foul Ball, location: 2F 0-1: Ball 1-1: Foul Ball, location: 2F 1-2: Foul Ball, location: 2F 1-2: Foul Ball, location: 2F 1-2: Ball 2-2: Foul Ball, location: 2F 2-2: Foul Ball, location: 2F 2-2: Ground out 6-3 (Groundball, P, EV 90.0 MPH)
|
Bottom of the 2nd over - 3 runs, 2 hits, 0 errors, 2 left on base; Elmira 0 - Manchester 3 |
TOP OF THE 3RD |
Elmira Pioneers batting - Pitching for Manchester Fisher Cats : RHP Mark Dacko
|
Now at 3B: Randy Johnson
|
|
Batting: LHB Juan Flores
|
0-0: Called Strike 0-1: Called Strike 0-2: DOUBLE (Line Drive, 78D, EV 99.4 MPH)
|
Batting: RHB Curtis Cannedy
|
0-0: Called Strike 0-1: Called Strike 0-2: Ball 1-2: Strikes out looking
|
Batting: LHB German Barranca
|
0-0: SINGLE (Line Drive, 7S, EV 109.4 MPH) Juan Flores to third
|
Batting: SHB Alan Regier
|
0-0: Ball German Barranca steals 2nd base 1-0: Fly out, F7 (Flyball, 78D, EV 98.8 MPH) Runner from 3rd tags up, SCORES, throw by LF
|
Batting: RHB Ron Stinnett
|
0-0: Ball 1-0: Swinging Strike 1-1: Swinging Strike 1-2: Ground out 6-3 (Groundball, 6S, EV 92.5 MPH)
|
Top of the 3rd over - 1 run, 2 hits, 0 errors, 1 left on base; Elmira 1 - Manchester 3 |
BOTTOM OF THE 3RD |
Manchester Fisher Cats batting - Pitching for Elmira Pioneers : RHP Rich Monteleone
|
Batting: RHB Joe Citari
|
0-0: Ball 1-0: Ball 2-0: Foul Ball, location: 2F 2-1: SOLO HOME RUN (Flyball, 78XD, EV 108.1 MPH), Distance : 422 ft
|
Batting: LHB Jessie Reid
|
0-0: Ball 1-0: SINGLE (Line Drive, 78S, EV 103.1 MPH)
|
Batting: SHB Danny Hernandez
|
0-0: Called Strike 0-1: Swinging Strike 0-2: Foul Ball, location: 2F 0-2: Ball 1-2: Fly out, F8 (Flyball, 78M, EV 83.8 MPH)
|
Batting: RHB Randy Johnson
|
0-0: Foul Ball, location: 2F 0-1: Fly out, F7 (Flyball, 78M, EV 81.9 MPH)
|
Batting: RHB Buddy Pryor
|
0-0: Called Strike 0-1: SINGLE (Groundball, 56D, EV 106.3 MPH) Jessie Reid to second
|
Batting: RHB Reymundo Estevez
|
0-0: Foul Ball, location: 2F 0-1: Ball 1-1: Ball 2-1: Fielders Choice at 2nd, 6-4 (Groundball, 6, EV 105.0 MPH)
|
Bottom of the 3rd over - 1 run, 3 hits, 0 errors, 2 left on base; Elmira 1 - Manchester 4 |
TOP OF THE 4TH |
Elmira Pioneers batting - Pitching for Manchester Fisher Cats : RHP Mark Dacko
|
Batting: RHB Frank LaBella
|
0-0: Fly out, F5 (Line Drive, 5, EV 62.5 MPH)
|
Batting: RHB Donn Koch
|
0-0: Ball 1-0: Ball 2-0: Ball 3-0: Foul Ball, location: 2F 3-1: Foul Ball, location: 2F 3-2: Strikes out swinging
|
Batting: RHB Edwin Rodriguez
|
0-0: Ball 1-0: Fly out, F4 (Popup, 4M, EV 58.1 MPH)
|
Top of the 4th over - 0 runs, 0 hits, 0 errors, 0 left on base; Elmira 1 - Manchester 4 |
BOTTOM OF THE 4TH |
Manchester Fisher Cats batting - Pitching for Elmira Pioneers : RHP Rich Monteleone
|
Batting: LHB Carlos Cabassa
|
0-0: Foul Ball, location: 2F 0-1: Fly out, F8 (Flyball, 89M, EV 90.6 MPH)
|
Batting: LHB Tim Derryberry
|
0-0: Ball 1-0: Foul Ball, location: 2F 1-1: Foul Ball, location: 2F 1-2: Foul Ball, location: 2F 1-2: Foul Ball, location: 2F 1-2: Foul Ball, location: 2F 1-2: Foul Ball, location: 2F 1-2: Ball 2-2: Fly out, F7 (Flyball, 78D, EV 102.5 MPH)
|
Batting: SHB Stan Javier
|
0-0: Called Strike 0-1: Ball 1-1: Ball 2-1: Fly out, F7 (Line Drive, 7, EV 103.1 MPH)
|
Bottom of the 4th over - 0 runs, 0 hits, 0 errors, 0 left on base; Elmira 1 - Manchester 4 |
TOP OF THE 5TH |
Elmira Pioneers batting - Pitching for Manchester Fisher Cats : RHP Mark Dacko
|
Batting: SHB Michael Reeder
|
0-0: Called Strike 0-1: Foul Ball, location: 2F 0-2: Ball 1-2: Foul Ball, location: 2F 1-2: Fly out, F9 (Flyball, 9S, EV 80.6 MPH)
|
Batting: LHB Juan Flores
|
0-0: Ball 1-0: Ground out 4-3 (Groundball, 4D, EV 98.1 MPH)
|
Batting: RHB Curtis Cannedy
|
0-0: Called Strike 0-1: Fly out, F9 (Flyball, 9LM, EV 71.9 MPH)
|
Top of the 5th over - 0 runs, 0 hits, 0 errors, 0 left on base; Elmira 1 - Manchester 4 |
BOTTOM OF THE 5TH |
Manchester Fisher Cats batting - Pitching for Elmira Pioneers : RHP Rich Monteleone
|
Batting: RHB Joe Citari
|
0-0: Ball 1-0: Foul Ball, location: 2F 1-1: Ball 2-1: Foul Ball, location: 2F 2-2: SINGLE (Line Drive, 78S, EV 108.1 MPH)
|
Batting: LHB Jessie Reid
|
0-0: Ball 1-0: Called Strike 1-1: Called Strike 1-2: Strikes out swinging
|
Batting: SHB Danny Hernandez
|
0-0: Ball 1-0: Fielders Choice at 2nd, 4-6 (Groundball, 4, EV 85.0 MPH)
|
Batting: RHB Randy Johnson
|
0-0: Ball 1-0: 2-RUN HOME RUN (Line Drive, 89XD, EV 95.6 MPH), Distance : 432 ft
|
Pitching: RHP Renie Martin
|
|
Batting: RHB Buddy Pryor
|
0-0: Ball 1-0: Swinging Strike 1-1: Ball 2-1: Foul Ball, location: 2F 2-2: Foul Ball, location: 2F 2-2: Ball 3-2: Base on Balls
|
Batting: RHB Reymundo Estevez
|
0-0: Ball 1-0: Called Strike 1-1: Ground out 4-3 (Groundball, 4, EV 81.9 MPH)
|
Bottom of the 5th over - 2 runs, 2 hits, 0 errors, 1 left on base; Elmira 1 - Manchester 6 |
TOP OF THE 6TH |
Elmira Pioneers batting - Pitching for Manchester Fisher Cats : RHP Mark Dacko
|
Batting: LHB German Barranca
|
0-0: Ball 1-0: Fly out, F1 (Line Drive, P, EV 75.0 MPH)
|
Batting: SHB Alan Regier
|
0-0: Foul Ball, location: 2F 0-1: Fly out, F1 (Line Drive, P, EV 71.9 MPH)
|
Batting: RHB Ron Stinnett
|
0-0: Ball 1-0: Ball 2-0: Called Strike 2-1: Fly out, F7 (Flyball, 7D, EV 100.6 MPH)
|
Top of the 6th over - 0 runs, 0 hits, 0 errors, 0 left on base; Elmira 1 - Manchester 6 |
BOTTOM OF THE 6TH |
Manchester Fisher Cats batting - Pitching for Elmira Pioneers : RHP Renie Martin
|
Batting: LHB Carlos Cabassa
|
0-0: Called Strike 0-1: SINGLE (Groundball, 56D, EV 100.6 MPH)
|
Batting: LHB Tim Derryberry
|
0-0: Grounds into double play, 4-6-3 (Groundball, 4, EV 83.1 MPH)
|
Batting: SHB Stan Javier
|
0-0: Called Strike 0-1: Ball 1-1: SINGLE (Groundball, 34D, EV 96.9 MPH)
|
Batting: RHB Joe Citari
|
0-0: Ball 1-0: Ball 2-0: Ball 3-0: Base on Balls Stan Javier to second
|
Batting: LHB Jessie Reid
|
0-0: Ball 1-0: Foul Ball, location: 2F 1-1: Foul Ball, location: 2F 1-2: Strikes out swinging
|
Bottom of the 6th over - 0 runs, 2 hits, 0 errors, 2 left on base; Elmira 1 - Manchester 6 |
TOP OF THE 7TH |
Elmira Pioneers batting - Pitching for Manchester Fisher Cats : RHP Mark Dacko
|
Batting: RHB Frank LaBella
|
0-0: Ground out 5-3 (Groundball, 5S, EV 76.3 MPH)
|
Batting: RHB Donn Koch
|
0-0: Swinging Strike 0-1: Ball 1-1: Swinging Strike 1-2: Ball 2-2: Foul Ball, location: 2F 2-2: Ball 3-2: Base on Balls
|
Batting: RHB Edwin Rodriguez
|
0-0: Swinging Strike 0-1: Ball 1-1: Ball 2-1: Swinging Strike 2-2: SINGLE (Line Drive, 8LM, EV 93.1 MPH) Donn Koch to second
|
Batting: SHB Michael Reeder
|
0-0: Foul Ball, location: 2F 0-1: Called Strike 0-2: Ball Wild Pitch! Donn Koch to third Edwin Rodriguez to second 1-2: Ball 2-2: Strikes out swinging
|
Batting: LHB Juan Flores
|
0-0: Called Strike 0-1: Swinging Strike 0-2: SINGLE (Groundball, 6D, EV 96.3 MPH) Donn Koch scores Edwin Rodriguez to third Runner from 3rd tries for Home, SAFE, throw by CF to home Juan Flores to second
|
Batting: RHB Curtis Cannedy
|
0-0: Called Strike 0-1: Ball 1-1: Foul Ball, location: 2F 1-2: DOUBLE (Flyball, 89D, EV 88.8 MPH) Juan Flores scores
|
Batting: LHB German Barranca
|
0-0: Ball 1-0: SINGLE (Line Drive, 78M, EV 97.5 MPH) Curtis Cannedy to third Runner from 3rd tries for Home, SAFE, throw by LF to home
|
Pitching: RHP Peter Teixeira
|
|
Batting: SHB Alan Regier
|
0-0: Ball 1-0: Foul Ball, location: 2F 1-1: Ball 2-1: Foul Ball, location: 2F 2-2: Foul Ball, location: 2F 2-2: Fly out, F8 (Flyball, 8RM, EV 93.8 MPH)
|
Top of the 7th over - 4 runs, 4 hits, 0 errors, 1 left on base; Elmira 5 - Manchester 6 |
BOTTOM OF THE 7TH |
Manchester Fisher Cats batting - Pitching for Elmira Pioneers : RHP Renie Martin
|
Batting: SHB Danny Hernandez
|
0-0: Foul Ball, location: 2F 0-1: Foul Ball, location: 2F 0-2: DOUBLE (Line Drive, 78D, EV 104.4 MPH)
|
Batting: RHB Randy Johnson
|
0-0: Ball 1-0: Called Strike 1-1: Ball 2-1: DOUBLE (Flyball, 89XD, EV 115.0 MPH) Danny Hernandez scores
|
Batting: RHB Buddy Pryor
|
0-0: Ball 1-0: SINGLE (Groundball, 6MD, EV 95.0 MPH) Randy Johnson to third
|
Batting: RHB Reymundo Estevez
|
0-0: Ball 1-0: Foul Ball, location: 2F 1-1: Called Strike 1-2: Strikes out swinging
|
Batting: LHB Carlos Cabassa
|
0-0: Ball 1-0: Ball 2-0: Ball 3-0: Base on Balls Buddy Pryor to second
|
Batting: LHB Tim Derryberry
|
0-0: Ball 1-0: Foul Ball, location: 2F 1-1: Foul Ball, location: 2F 1-2: Foul Ball, location: 2F 1-2: Ball 2-2: Ball 3-2: Fly out, F7 (Flyball, 7, EV 89.4 MPH)
|
Batting: SHB Stan Javier
|
0-0: Ball 1-0: Called Strike 1-1: Foul Ball, location: 2F 1-2: Ground out 3-1 (Groundball, 34S, EV 86.9 MPH)
|
Bottom of the 7th over - 1 run, 3 hits, 0 errors, 3 left on base; Elmira 5 - Manchester 7 |
TOP OF THE 8TH |
Elmira Pioneers batting - Pitching for Manchester Fisher Cats : RHP Peter Teixeira
|
Now in CF: Paul Croft
|
|
Batting: RHB Ron Stinnett
|
0-0: Foul Ball, location: 2F 0-1: Called Strike 0-2: Foul Ball, location: 2F 0-2: Strikes out swinging
|
Batting: RHB Frank LaBella
|
0-0: Ball 1-0: Foul Ball, location: 2F 1-1: Foul Ball, location: 2F 1-2: Strikes out swinging
|
Batting: RHB Donn Koch
|
0-0: Ball 1-0: Foul Ball, location: 2F 1-1: Called Strike 1-2: SINGLE (Line Drive, 8LS, EV 92.5 MPH)
|
Batting: RHB Edwin Rodriguez
|
0-0: Swinging Strike 0-1: Ball 1-1: Ball 2-1: Ball 3-1: Ground out 5-3 (Groundball, 56S, EV 67.5 MPH)
|
Top of the 8th over - 0 runs, 1 hit, 0 errors, 1 left on base; Elmira 5 - Manchester 7 |
BOTTOM OF THE 8TH |
Manchester Fisher Cats batting - Pitching for Elmira Pioneers : RHP Renie Martin
|
Batting: RHB Joe Citari
|
0-0: Called Strike 0-1: Fly out, F5 (Popup, 56S, EV 88.8 MPH)
|
Batting: LHB Jessie Reid
|
0-0: Swinging Strike 0-1: Ball 1-1: Ball 2-1: Foul Ball, location: 2F 2-2: Ground out 4-3 (Groundball, 4, EV 105.6 MPH)
|
Batting: SHB Danny Hernandez
|
0-0: Foul Ball, location: 2F 0-1: Ball 1-1: Ground out 4-3 (Groundball, 34D, EV 103.1 MPH)
|
Bottom of the 8th over - 0 runs, 0 hits, 0 errors, 0 left on base; Elmira 5 - Manchester 7 |
TOP OF THE 9TH |
Elmira Pioneers batting - Pitching for Manchester Fisher Cats : RHP Peter Teixeira
|
Pitching: RHP Stephen Marsden
|
|
Now in RF: Mel Hall
|
|
Batting: SHB Michael Reeder
|
0-0: Foul Ball, location: 2F 0-1: Ball 1-1: Fly out, F8 (Flyball, 89D, EV 87.5 MPH)
|
Batting: LHB Juan Flores
|
0-0: Ball 1-0: Called Strike 1-1: Foul Ball, location: 2F 1-2: SINGLE (Line Drive, 89M, EV 98.1 MPH)
|
Pinch Hitting: LHB Neil Fiala
|
0-0: Ball 1-0: Foul Ball, location: 2F 1-1: Swinging Strike 1-2: Foul Ball, location: 2F 1-2: Grounds into double play, 4-6-3 (Groundball, 4, EV 107.5 MPH)
|
Top of the 9th over - 0 runs, 1 hit, 0 errors, 0 left on base; Elmira 5 - Manchester 7 |
|